 Dungeon Crawl Stone Soup version 0.31-a0-986-g5e6e4ef867 (webtiles) character file.

Game seed: 4769398968094967812

25 sammy202020 the Ruffian (level 2, -7/21 HPs)
             Began as a Demonspawn Shapeshifter on Nov 20, 2023.
             Killed from afar by an orc wizard (8 damage)
             ... with a magic dart
             ... on level 2 of the Dungeon.
             The game lasted 00:01:15 (989 turns).

sammy202020 the Ruffian (Demonspawn Shapeshifter)    Turns: 989, Time: 00:01:15

Health: -7/21      AC:  2    Str: 14    XL:     2   Next: 82%
Magic:  2/2        EV: 12    Int: 11    God:
Gold:   39         SH:  0    Dex: 12    Spells: 1/1 levels left

rFire   . .          .
                       - Unarmed
rCold   . . .        (no shield)
rNeg    . . .        a - +0 animal skin
rPois   .            (helmet currently unavailable)
rElec   .            (cloak currently unavailable)
rCorr   .            (gloves currently unavailable)
SInv    .            (boots currently unavailable)
Will    .....        (no amulet)
Stlth   +            (no ring)
HPRegen 0.23/turn    (no ring)
MPRegen 0.08/turn

%: no passive effects
@: beast-form
A: beast (slay +1), sturdy frame 1
a: Begin Untransformation


You were on level 2 of the Dungeon.
You were a hulking beast.
You visited 1 branch of the dungeon, and saw 2 of its levels.

You collected 39 gold pieces.

Inventory:

Armour
 a - a +0 animal skin (worn)
 j - a +0 pair of gloves
Talismans
 c - a beast talisman
 d - a flux talisman
Scrolls
 g - 2 scrolls of amnesia {unknown}
 h - a scroll of noise {unknown}
Potions
 b - a potion of lignification
 e - a potion of curing
 k - a potion of degeneration {unknown}
 l - a potion of heal wounds {unknown}


   Skills:
 * Level 1.6 Fighting
 + Level 0.4 Armour
 + Level 1.9 Dodging
 * Level 3.0 Unarmed Combat
 * Level 3.0 Shapeshifting


You had one spell level left.
You didn't know any spells.
Your spell library was empty.

Dungeon Overview and Level Annotations

Branches:
Dungeon (2/15)

Altars:

Shops:
D:1 (


Innate Abilities, Weirdness & Mutations

You are a hulking beast.
Your limbs bulge with bestial killing power. (Slay +1)
Your movements are slightly less encumbered by armour. (ER -2)


Message History

No target in view!
No target in view!
Found an escape hatch in the floor.
Done exploring.
No target in view!
No target in view!
No target in view!
No target in view!
No target in view!
Done exploring.
Done exploring.
No target in view!
As you read the scroll labelled JEZIFI SOAHY, it crumbles to dust.
It is a scroll of identify.
e - a potion of curing
As you read the scroll labelled OSKEPHATEOLL, it crumbles to dust.
Your body is wracked with pain!
It was a scroll of torment.
There is an escape hatch in the floor here.
You slide downwards.
The hatch slams shut behind you.
The orc shouts!
The orc wizard shouts!
The orc shouts!
The orc priest shouts!
There are monsters nearby!
You barely miss the orc wizard. The orc wizard closely misses you.
The orc priest hits you with a +0 short sword.
An orc comes into view. It is wielding a +0 hand axe.
You closely miss the orc wizard.
The orc wizard hits you with a +0 dagger.
The orc closely misses you.
The orc priest calls down the wrath of Beogh upon you.
Beogh smites you!
Ouch! That really hurt!
* * * LOW HITPOINT WARNING * * *
The orc wizard mumbles some strange words.
The orc wizard flickers and vanishes!
Deactivating autopickup; reactivate with Ctrl-A.
The orc priest hits you but does no damage.
The orc attacks as it pursues you! The orc completely misses you.
You hear some strange, mumbled words.
A magic dart appears from out of thin air!
The magic dart hits you!
You die...

#### #..
# #.# #
#.##h##.#
#..{.o..#
####o####
#o# #.#
.o# ###


You could see an orc priest and 3 orcs.

Vanquished Creatures
  2 dart slugs (D:1)
  2 ball pythons (D:1)
  An endoplasm (D:1)
  3 goblins (D:1)
  2 hobgoblins (D:1)
  A kobold (D:1)
  2 quokkas (D:1)
  2 frilled lizards (D:1)
  5 rats (D:1)
20 creatures vanquished.

Notes
Turn   | Place    | Note
-------+----------+-------------------------------------------
     0 | D:1      | sammy202020 the Demonspawn Shapeshifter began the quest for
                  | the Orb.
     0 | D:1      | Reached XP level 1. HP: 15/15 MP: 1/1
   247 | D:1      | Gained mutation: Your movements are slightly less
                  | encumbered by armour. (ER -2) [demonic ancestry]
   247 | D:1      | Reached XP level 2. HP: 18/21 MP: 2/2
   297 | D:1      | HP: 1/21 [kobold/+1 dagger of protection (3)]
   597 | D:1      | Found Porphak's Weapon Shop.
   751 | D:1      | Found a faded altar of an unknown god.
   987 | D:2      | HP: 1/21 [orc priest/divine providence (16)]
   989 | D:2      | Killed from afar by an orc wizard

Illustrated notes

Levels and vault maps discovered:
D:1:      onia_arrival_handbag, layout_rooms, serial_glass, glass_columns_a,
          glass_columns_a, glass_columns_b, glass_columns_c,
          shapermc_ecumenical_altar_mp_urbaneastern, serial_shops, shop
D:2:      layout_loops_cross, basic_altar

Skill      XL: |  1  2 |
---------------+-------+-----
Unarmed Combat | 3 |  3.0
Shapeshifting  | 3 |  3.0
Fighting       | |  1.6
Armour         | |  0.4
Dodging        | |  1.9

Action                     || total
---------------------------++-------
  Melee: Unarmed           ||    59
    Use: Scroll            ||     2
 Armour: Animal skin       ||    32
  Dodge: Dodged            ||    30

Table legend: (Time is in decaauts)
 A = Elapsed time spent in this place.
 B = Non-inter-level travel time spent in this place.
 C = Inter-level travel time spent in this place.
 D = Time resting spent in this place.
 E = Time spent auto-exploring this place.
 F = Levels seen in this place.
 G = Mean time per level.
                   A        B        C        D        E       F      G
               +--------+--------+--------+--------+--------+-----+--------+
         Total |    986 |    986 |      0 |    281 |    480 |   2 |  493.0 |
       Dungeon |    986 |    986 |      0 |    281 |    480 |   2 |  493.0 |
               +--------+--------+--------+--------+--------+-----+--------+

Top non-repeatable levels by time:
     D:1: 982 daAuts
     D:2: 3 daAuts
